 Dungeon Crawl Stone Soup version 0.31.0-11-ge490571c62 (webtiles) character file.

Game seed: 141435646786714616

378 qw the Ducker (level 6, -1/32 HPs)
             Began as a Spriggan Hunter on Feb 4, 2024.
             Slain by a gnoll
             ... wielding a +0 spear
             ... led by a gnoll bouda
              (2 damage)
             ... on level 4 of the Dungeon.
             The game lasted 00:00:12 (2685 turns).

qw the Ducker (Spriggan Hunter)                     Turns: 2685, Time: 00:00:13

Health: -1/32      AC:  2    Str:  7    XL:     6   Next: 45%
Magic:  7/7        EV: 21    Int: 11    God:
Gold:   118        SH:  0    Dex: 20    Spells: 5/5 levels left

rFire   . . .        a - +0 shortbow
rCold   . . .        (shield currently unavailable)
rNeg    . . .        c - +0 robe
rPois   .            (helmet restricted)
rElec   .            (no cloak)
rCorr   .            (gloves unavailable)
SInv    +            (boots unavailable)
Will    +....        (no amulet)
Stlth   ++           (no ring)
HPRegen 0.25/turn    (no ring)
MPRegen 0.10/turn

%: no passive effects
@: very quick
A: very small, no large weapons, unfitting armour, see invisible, speed 3
a: no special abilities


You were on level 4 of the Dungeon.
You visited 1 branch of the dungeon, and saw 4 of its levels.

You collected 118 gold pieces.


Innate Abilities, Weirdness & Mutations

You are very small and have problems with some larger weapons.
You are too small for most types of armour.
You have supernaturally acute eyesight. (SInv)
You cover ground extremely quickly. (Speed+++)


   Skills:
 - Level 2.5 Fighting
 + Level 5.8 Ranged Weapons
 - Level 6.4 Dodging
 - Level 1.5 Stealth


You had 5 spell levels left.
You didn't know any spells.
Your spell library was empty.

Inventory:

Hand Weapons
 a - a +0 shortbow (weapon)
Armour
 c - a +0 robe (worn)
Wands
 b - a wand of digging (2)
 l - a wand of charming (8)
Scrolls
 i - 4 scrolls of identify
 m - a scroll of blinking {unknown}
 n - a scroll of teleportation {unknown}
Potions
 d - 2 potions of might
 e - a potion of haste
 f - a potion of degeneration {unknown}
 g - a potion of berserk rage {unknown}
 h - a potion of brilliance {unknown}
 j - a potion of cancellation {unknown}
 k - a potion of heal wounds {unknown}

Dungeon Overview and Level Annotations

Branches:
Dungeon (4/15)
 Temple: D:4-7

Altars:
Gozag
Sif Muna

Shops:
D:1 *


Message History

The gnoll misses you. The gnoll bouda closely misses you. The gnoll misses you.
You shoot an arrow. The arrow hits the gnoll bouda!
You kill the gnoll bouda!
Your attacks no longer feel as feeble.
The gnoll is no longer moving quickly.
The gnoll completely misses you. The gnoll misses you.
You shoot an arrow. The arrow hits the gnoll.
The gnoll is severely wounded.
The gnoll completely misses you. x2
A kobold comes into view. It is wielding a +0 dagger.
You shoot an arrow. The arrow hits the gnoll.
The gnoll is severely wounded.
The gnoll is no longer moving quickly.
The gnoll misses you. x2
An orc wizard comes into view. It is wielding a +0 dagger of venom.
You shoot an arrow. The arrow barely misses the gnoll. x2
The arrow hits the orc.
The orc is moderately wounded.
The gnoll completely misses you. The gnoll closely misses you.
An orc priest comes into view. It is wielding a +0 whip.
You shoot an arrow. The orc priest shouts!
The arrow hits the gnoll.
You kill the gnoll!
The gnoll misses you.
You shoot an arrow. The arrow barely misses the gnoll.
The arrow closely misses the orc.
The arrow hits the orc.
You kill the orc!
The gnoll misses you. The gnoll barely misses you.
An orc wizard comes into view. It is wielding a +0 dagger.
The orc priest mumbles some strange prayers to Beogh against you.
Beogh smites you!
You shoot an arrow. The arrow barely misses the gnoll.
The arrow hits the orc.
The orc is lightly wounded.
The gnoll closely misses you. The gnoll misses you.
An endoplasm comes into view.
You shoot an arrow. The arrow completely misses the gnoll.
The arrow hits the orc.
You kill the orc!
The gnoll hits you from afar with a +0 spear.
You die...

### ###
##.###.#
#......#
##.###.#
#.# #.#
#.# #.#
#.# #.#
#.# #.#
#.# #@#
#.# #g#
#.# #)g
#%###Kgo
#...#)...
###.#.#o.J
#.#.#.###
#.#.#o#
#)#


You could see an orc priest, 2 orc wizards, 3 gnolls, an endoplasm and a kobold.

Vanquished Creatures
  An ogre (D:3)
  A scorpion (D:3)
  A gnoll bouda (D:4)
  A hound (D:3)
  A bombardier beetle (D:4)
  2 gnolls (D:4)
  2 adders
  3 dart slugs
  A ribbon worm (D:3)
  5 orcs
  7 ball pythons
  5 bats
  9 endoplasms
  8 giant cockroaches
  9 goblins
  6 hobgoblins
  3 jackals (D:4)
  3 quokkas
  2 frilled lizards
  7 kobolds
  7 rats
84 creatures vanquished.

Notes
Turn   | Place    | Note
-------+----------+-------------------------------------------
     0 | D:1      | qw the Spriggan Hunter began the quest for the Orb.
     0 | D:1      | Reached XP level 1. HP: 10/10 MP: 2/2
     0 | D:1      | 0 ||| qw: Version: 0.3-a-160-g6735b56
     0 | D:1      | 0 ||| qw: Game counter: 5350
     0 | D:1      | 0 ||| qw: Melee chars always use a shield: true
     0 | D:1      | 0 ||| qw: God list: Okawaru
     0 | D:1      | 0 ||| qw: Allow faded altars: false
     0 | D:1      | 0 ||| qw: Do Orc after clearing Dungeon:15 true
     0 | D:1      | 0 ||| qw: Do second Lair branch before Depths: true
     0 | D:1      | 0 ||| qw: Lair rune preference: random
     0 | D:1      | 0 ||| qw: Goals: Normal
     0 | D:1      | 0 ||| PLANNING D:1-11
    22 | D:1      | Reached skill level 3 in Dodging
    48 | D:1      | Reached XP level 2. HP: 14/14 MP: 3/3
    67 | D:1      | Reached skill level 4 in Dodging
    78 | D:1      | Found Wunexal's Assorted Antiques.
   119 | D:1      | 119 ||| SHOPLISTING blue potion (23 gold, have 9).
   119 | D:1      | 119 ||| SHOPLISTING scroll labelled MANELLI ETWUOT (26
                  | gold, have 9).
   119 | D:1      | 119 ||| SHOPLISTING small brass amulet (130 gold, have 9).
   141 | D:1      | Reached XP level 3. HP: 18/18 MP: 4/4
   415 | D:1      | 415 ||| READING scroll labelled DIARUA CUOSOMA.
   516 | D:1      | 516 ||| READING scroll labelled BESSAUDAVO.
   517 | D:1      | 517 ||| READING scroll labelled ECUT WYAN UJE.
   517 | D:1      | 517 ||| ENCHANTING +0 shortbow.
   518 | D:1      | 518 ||| DROPPING scroll of butterflies.
   520 | D:1      | 520 ||| Stepping ~*~*~tactically~*~*~ (cloud).
   641 | D:2      | 641 ||| STAIRDANCE
   716 | D:2      | Found an opulent altar of Gozag.
   987 | D:2      | Reached XP level 4. HP: 10/22 MP: 5/5
  1202 | D:2      | 1202 ||| READING scroll labelled MANELLI ETWUOT.
  1202 | D:2      | 1202 ||| IDENTIFYING fuming black potion
  1231 | D:3      | Found a faded altar of an unknown god.
  1266 | D:3      | Found a shimmering blue altar of Sif Muna.
  1762 | D:3      | Noticed an ogre
  1766 | D:3      | HP: 5/22 [ogre/+0 giant club (17)]
  1774 | D:3      | Killed an ogre
  1775 | D:3      | Reached skill level 6 in Dodging
  1775 | D:3      | Reached XP level 5. HP: 8/25 MP: 6/6
  2195 | D:3      | 2195 ||| READING scroll of identify.
  2195 | D:3      | 2195 ||| IDENTIFYING smoky coppery potion
  2196 | D:3      | 2196 ||| READING scroll labelled JOPPIT SIUXAKH.
  2297 | D:3      | 2297 ||| DRINKING 2 glowing purple potions.
  2335 | D:3      | 2335 ||| DROPPING potion of lignification.
  2353 | D:4      | 2353 ||| STAIRDANCE
  2419 | D:4      | 2419 ||| STAIRDANCE
  2423 | D:3      | Reached XP level 6. HP: 32/32 MP: 7/7
  2425 | D:4      | 2425 ||| STAIRDANCE
  2683 | D:4      | HP: 1/32 [orc priest/divine providence (12)]
  2685 | D:4      | Slain by a gnoll

Levels and vault maps discovered:
D:1:      tarquinn_simple_flora_water_f, layout_rooms, serial_shops,
          nicolae_shop_tiny_waterfront
D:2:      layout_rooms, basic_altar
D:3:      minmay_skewed_foursquare, layout_basic, mainiacjoe_overflow_paths,
          nicolae_ecumenical_pavilion, grunt_decor_cap, roderic_roman_lattice
D:4:      layout_basic, mainiacjoe_overflow_24_doors

Skill      XL: |  1  2  3  4  5 |
---------------+----------------+-----
Dodging        | 3 4 6 |  6.4
Ranged Weapons | 5 |  5.8
Fighting       | 2 |  2.5
Stealth        | |  1.5

Action                     |  1- 3 |  4- 6 || total
---------------------------+-------+-------++-------
   Fire: Shortbow          |   130 |   124 ||   254
    Use: Scroll            |     3 |     3 ||     6
         Potion            |       |     1 ||     1
 Armour: Robe              |    12 |    15 ||    27
  Dodge: Dodged            |    22 |    71 ||    93

Table legend:
 A = Non-vault XP
 B = Vault XP
 C = Vault XP percentage of total XP
 D = Non-vault monster count
 E = Vault monster count
 F = Vault count percentage of total count
                 A         B        C        D         E       F
            +---------+---------+-------+---------+---------+-------
      Total |     534 |       9 |   1.7 |      79 |       5 |   6.0
            +---------+---------+-------+---------+---------+-------
        D:1 |      67 |       0 |   0.0 |      30 |       0 |   0.0
        D:2 |      42 |       0 |   0.0 |      17 |       0 |   0.0
        D:3 |     282 |       9 |   3.1 |      16 |       5 |  23.8
        D:4 |     143 |       0 |   0.0 |      16 |       0 |   0.0
            +---------+---------+-------+---------+---------+-------
